 Dungeon Crawl Stone Soup version 0.28.0-53-g5a82cb258f (webtiles) character file.

Game seed: 15130353256918675235

10108 Peloso the Carver (level 11, -10/97 HPs)
             Began as a Minotaur Fighter on July 12, 2022.
             Was a Believer of Okawaru.
             Mangled by a red ugly thing (19 damage)
             ... on level 9 of the Dungeon.
             The game lasted 00:16:40 (8465 turns).

Peloso the Carver (Minotaur Fighter)                Turns: 8465, Time: 00:16:40

Health: -10/97     AC: 22    Str: 32    XL:     11   Next: 31%
Magic:  8/10       EV: 13    Int:  2    God:    Okawaru [**....]
Gold:   644        SH:  7    Dex: 14    Spells: 10/10 levels left

rFire   . . .      SeeInvis .   a - +0 long sword
rCold   . . .      Faith    .   c - +0 buckler
rNeg    . . .      Spirit   .   H - +1 chain mail of Trumpets {Str+8 Int-3 Dex+3 Stlth-}
rPois   .          Reflect  .   E - +0 hat of Plasticity {+Inv Regen+}
rElec   .          Harm     .   q - +0 cloak
rCorr   .          Rampage  .   f - +0 pair of gloves
Will    .....                   (no boots)
Stlth   ..........              (no amulet)
HPRegen 1.06/turn               k - +4 ring of slaying
MPRegen 0.12/turn               l - +4 ring of protection

@: about to teleport, heroic
A: horns 2, retaliatory headbutt
a: Renounce Religion, Evoke Invisibility, Heroism


You were on level 9 of the Dungeon.
You worshipped Okawaru.
Okawaru was pleased with you.
You visited 2 branches of the dungeon, and saw 10 of its levels.

You collected 644 gold pieces.

Inventory:

Hand Weapons
 a - a +0 long sword (weapon)
 b - a +2 hand axe of flaming
Missiles
 L - a throwing net (quivered)
Armour
 c - a +0 buckler (worn)
 f - a +0 pair of gloves (worn)
 q - a +0 cloak (worn)
 r - a +2 chain mail of cold resistance
 E - the +0 hat of Plasticity (worn) {+Inv Regen+}
   (You found it on level 6 of the Dungeon)

   +Inv:      It lets you turn invisible.
   Regen:     It increases your rate of health regeneration.
 F - +0 swamp dragon scales
 H - the +1 chain mail of Trumpets (worn) {Str+8 Int-3 Dex+3 Stlth-}
   (You found it on level 7 of the Dungeon)

   Str:       It affects your strength (+8).
   Int:       It affects your intelligence (-3).
   Dex:       It affects your dexterity (+3).
   Stlth:     It makes you less stealthy.
 I - a +0 hat of see invisible
Jewellery
 k - a +4 ring of slaying (left hand)
 l - a +4 ring of protection (right hand)
 z - a ring of protection from cold
Wands
 i - a wand of digging (1)
 t - a wand of flame (42)
 y - a wand of acid (4)
 D - a wand of paralysis (5)
 G - a wand of polymorph (11)
Scrolls
 e - 4 scrolls of fear
 h - a scroll of amnesia
 j - 4 scrolls of teleportation
 m - a scroll of enchant armour {unknown}
 n - a scroll of blinking {unknown}
 o - 5 scrolls of noise {unknown}
 p - a scroll of silence {unknown}
 w - 4 scrolls of immolation {unknown}
 x - 3 scrolls of fog {unknown}
 A - 2 scrolls of vulnerability {unknown}
 C - a scroll of brand weapon {unknown}
 K - a scroll of enchant weapon {unknown}
 M - a scroll of holy word {unknown}
Potions
 d - 2 potions of might
 g - 3 potions of curing
 s - a potion of cancellation
 u - a potion of heal wounds
 v - a potion of mutation
 B - a potion of flight
 J - 2 potions of degeneration {unknown}
Miscellaneous
 N - a box of beasts


   Skills:
 + Level 9.5(14.5) Fighting
 + Level 13.8(18.8) Long Blades
 + Level 11.1(16.1) Armour
 + Level 4.4(9.4) Dodging
 + Level 1.2(6.2) Stealth
 + Level 8.2(13.2) Shields


You had 10 spell levels left.
You didn't know any spells.
Your spell library contained the following spells:

 Spells                   Type           Power      Damage    Failure   Level
 Shock                    Conj/Air       0%         1d3       92%         1
 Slow                     Hex            0%         N/A       92%         1
 Confusing Touch          Hex            0%         N/A       100%        3
 Swiftness                Air            0%         N/A       100%        3
 Vampiric Draining        Necr           0%         2d6       100%        3
 Airstrike                Air            0%         N/A       100%        4


Dungeon Overview and Level Annotations

Branches:
Dungeon (9/15)             Temple (1/1) D:7             Orc (0/2) D:9
   Lair: D:8-11

Altars:
Ashenzari
Cheibriados
Dithmenos
Elyvilon
Fedhas
Gozag
Hepliaklqana
Kikubaaqudgha
Makhleb
Nemelex Xobeh
Okawaru
Qazlal
Ru
Sif Muna
Trog
Uskayaw
Vehumet
Wu Jian
Xom
Yredelemnul
Zin
The Shining One
Beogh

Annotations:
D:2 Dig
D:5 3 runed translucent doors, megeza's ghost, novice OgBe


Innate Abilities, Weirdness & Mutations

You have a pair of horns on your head.
You reflexively headbutt those who attack you in melee.


Message History

Your headbutt misses the centaur warrior.
The centaur warrior is moderately wounded.
You hear a horrible gurgling sound!
The centaur warrior hits you but does no damage.
The centaur warrior kicks you but does no damage.
The centaur warrior shoots an arrow.
The arrow hits you!
You hear two shouts!
You slice the centaur warrior!! You headbutt the centaur warrior!
The centaur warrior is almost dead.
The centaur warrior hits you! The centaur warrior closely misses you.
The centaur warrior shoots an arrow.
The arrow hits you but does no damage.
The centaur warrior hits you but does no damage.
The centaur warrior closely misses you.
Unknown command.
You slash the centaur warrior!
You kill the centaur warrior!
Okawaru is honoured by your kill.
The centaur warrior shoots an arrow.
The arrow hits you!
A red ugly thing and a four-headed hydra come into view.
The four-headed hydra roars!
You block the red ugly thing's attack.
A two-headed ogre comes into view.
It is wielding a +0 giant club and a +0 giant spiked club.
Things that are here:
a +0 shortbow; 14 arrows
As you read the scroll of teleportation, it crumbles to dust.
You feel strangely unstable. You block the red ugly thing's attack.
You hit the centaur warrior but do no damage.
Your headbutt misses the centaur warrior.
The centaur warrior unwields a +0 longbow.
You block the centaur warrior's attack. The centaur warrior kicks you.
The red ugly thing pecks you.
You are engulfed in flames!
* * * LOW HITPOINT WARNING * * *
Unknown command.
You hit the centaur warrior.
The centaur warrior is lightly wounded.
You block the centaur warrior's attack. The centaur warrior closely misses you.
The red ugly thing pecks you!
* * * LOW HITPOINT WARNING * * *
You are engulfed in flames!!
You die...

##.## ##.##.#..########.# ###.##
##.###.##.## #.#
.###.###.###...#..#######.# .#
##.#.####..###.#....##.# ###
##.## #...#.#..#.#.##.# .### #.#
##.#...##.#.#.##.# .'.# #.#
#.......#........######
.#.###.###....##.##.##.##......#
###.##.##..#..##@.#..#.##.####.##
....##.##..#...c#u##.#...........
##.##.##.#########D#.####.####.##
..##)##.........# O#..# #....#.##
..##.##.........# .##.######.#...
.##.#.##.......## .##..# #.####
###.#.##.......# cc##.## #.# # #
.###.##.....## ## #..# #.#### ##.
#.##.....# ##.## #.....


You could see a four-headed hydra, a red ugly thing, a centaur warrior and a
two-headed ogre.

Vanquished Creatures
  Gastronok (D:8)
  Harold (D:8)
  A centaur warrior (D:9)
  Pikel (D:5)
  Joseph (D:9)
  Maggie (D:7)
  A hornet (D:9)
  A troll (D:9)
  Prince Ribbit (D:7)
  5 slime creatures (D:8)
  Grinder (D:6)
  A wyvern (D:9)
  A wraith (D:9)
  6 yaks (D:9)
  A vampire mosquito (D:9)
  Menkaure (D:5)
  Edmund (D:5)
  3 water moccasins
  4 orc warriors
  A black bear (D:6)
  2 necrophages
  2 sky beasts
  3 ogres
  A lemure (D:5)
  2 phantoms (D:4)
  Blork the orc (D:6)
  4 bullfrogs
  2 kobold brigands (D:7)
  A scorpion (D:7)
  2 gnoll sergeants
  6 killer bees
  3 howler monkeys (D:7)
  3 centaur zombies (D:9)
  2 bullfrog skeletons
  A gnoll shaman (D:7)
  6 orc priests
  A hound (D:7)
  2 jellies
  Crazy Yiuf (D:4)
  A centaur skeleton (D:5)
  Jessica (D:3)
  Terence (D:3)
  Natasha (thrice) (D:2)
  2 iguanas
  5 orc wizards
  A howler monkey zombie (D:9)
  12 gnolls (D:7)
  2 adders
  2 howler monkey skeletons
  2 shadow imps
  A white imp (D:7)
  An ufetubus (D:6)
  2 worms
  3 dart slugs
  40 orcs
  3 bats
  6 endoplasms
  4 giant cockroaches
  2 goblins (D:4)
  9 hobgoblins
  5 jackals
  A quokka (D:5)
  4 ball pythons
  9 frilled lizards
  12 kobolds
  A rat (D:1)
214 creatures vanquished.

Vanquished Creatures (others)
  5 plants (D:4)
  4 toadstools (D:9)
9 creatures vanquished.

Grand Total: 223 creatures vanquished

Notes
Turn   | Place    | Note
-------+----------+-------------------------------------------
     0 | D:1      | Peloso the Minotaur Fighter began the quest for the Orb.
     0 | D:1      | Reached XP level 1. HP: 19/19 MP: 0/0
   289 | D:1      | Reached XP level 2. HP: 12/27 MP: 1/1
  1066 | D:2      | You fall into a shaft and drop 2 floors!
  1066 | D:4      | Noticed a phantom
  1076 | D:4      | Killed a phantom
  1077 | D:4      | Reached skill level 3 in Long Blades
  1077 | D:4      | Reached skill level 5 in Armour
  1077 | D:4      | Reached XP level 3. HP: 32/33 MP: 2/2
  1077 | D:4      | Reached XP level 4. HP: 39/40 MP: 3/3
  1085 | D:3      | Noticed Jessica
  1089 | D:3      | Killed Jessica
  1123 | D:3      | Noticed a necrophage
  1129 | D:3      | Killed a necrophage
  1130 | D:3      | Reached XP level 5. HP: 47/47 MP: 4/4
  1140 | D:2      | Noticed Natasha
  1146 | D:2      | Killed Natasha
  1147 | D:2      | Reached skill level 4 in Long Blades
  1182 | D:2      | Noticed Natasha
  1187 | D:2      | Killed Natasha
  1293 | D:2      | Noticed Natasha
  1304 | D:2      | Killed Natasha
  1305 | D:2      | Reached XP level 6. HP: 44/53 MP: 5/5
  1613 | D:2      | Reached skill level 1 in Dodging
  1912 | D:3      | Noticed Terence
  1915 | D:3      | Killed Terence
  2486 | D:4      | Reached skill level 5 in Long Blades
  2576 | D:4      | Reached skill level 5 in Fighting
  2576 | D:4      | Reached XP level 7. HP: 56/61 MP: 6/6
  2857 | D:4      | Found a runed translucent door.
  2858 | D:4      | Noticed Crazy Yiuf
  3137 | D:4      | Killed Crazy Yiuf
  3138 | D:4      | Reached skill level 6 in Long Blades
  3213 | D:5      | Entered Level 5 of the Dungeon
  3292 | D:5      | Noticed Pikel
  3319 | D:5      | Killed Pikel
  3320 | D:5      | Reached skill level 7 in Long Blades
  3320 | D:5      | Reached skill level 5 in Shields
  3320 | D:5      | Reached XP level 8. HP: 35/70 MP: 7/7
  3498 | D:5      | Noticed Edmund
  3509 | D:5      | Killed Edmund
  3510 | D:5      | Reached skill level 8 in Long Blades
  3637 | D:5      | Noticed megeza's ghost (novice OgBe)
  3640 | D:5      | Found a runed translucent gate.
  3641 | D:5      | Found a runed translucent gate.
  3641 | D:5      | Found a runed translucent gate.
  3943 | D:5      | Noticed Menkaure
  3950 | D:5      | Killed Menkaure
  4479 | D:6      | Noticed Blork the orc
  4486 | D:6      | Killed Blork the orc
  4559 | D:6      | Identified the +0 hat of Plasticity {+Inv Regen+}
  4564 | D:6      | Reached skill level 9 in Long Blades
  4702 | D:6      | Noticed Grinder
  4707 | D:6      | Paralysed by Grinder for 3 turns
  4713 | D:6      | Killed Grinder
  4714 | D:6      | Reached XP level 9. HP: 69/78 MP: 8/8
  4847 | D:7      | Noticed Maggie
  4859 | D:7      | Killed Maggie
  4866 | D:7      | Reached skill level 10 in Long Blades
  4874 | D:7      | Identified the +1 chain mail of Trumpets {Str+8 Int-3 Dex+3
                  | Stlth-}
  4875 | D:7      | Noticed Prince Ribbit
  4896 | D:7      | Killed Prince Ribbit
  4972 | D:7      | Reached skill level 1 in Stealth
  5241 | D:7      | Reached skill level 11 in Long Blades
  5365 | D:7      | Found a staircase to the Ecumenical Temple.
  5378 | Temple   | Entered the Ecumenical Temple
  6185 | D:8      | Noticed Gastronok
  6334 | D:8      | Killed Gastronok
  6335 | D:8      | Reached XP level 10. HP: 88/88 MP: 9/9
  6387 | D:8      | Reached skill level 10 in Armour
  6620 | D:8      | Reached skill level 12 in Long Blades
  6652 | D:8      | Noticed Harold
  6669 | D:8      | Killed Harold
  6770 | D:8      | Found an iron altar of Okawaru.
  6800 | D:8      | Became a worshipper of Warmaster Okawaru
  7433 | D:9      | Reached skill level 13 in Long Blades
  7597 | D:9      | Found a runed translucent door.
  7598 | D:9      | Found a runed translucent door.
  7816 | D:9      | Noticed Joseph
  7847 | D:9      | Reached * piety under Okawaru
  7848 | D:9      | Reached XP level 11. HP: 83/97 MP: 10/10
  7852 | D:9      | Killed Joseph
  7917 | D:9      | Found a staircase to the Orcish Mines.
  8072 | D:9      | Reached ** piety under Okawaru
  8449 | D:9      | Noticed a centaur warrior
  8449 | D:9      | Noticed a centaur warrior
  8461 | D:9      | Killed a centaur warrior
  8462 | D:9      | Noticed a red ugly thing
  8462 | D:9      | Noticed a four-headed hydra
  8462 | D:9      | Noticed a two-headed ogre
  8465 | D:9      | Mangled by a red ugly thing

Illustrated notes

Levels and vault maps discovered:
D:1:      dpeg_arrival_tiny_h, layout_loops_cross
D:2:      layout_basic, minmay_misc_feat_nine_boxes, due_unseen_surprise,
          uniq_natasha
D:3:      layout_loops_cross, uniq_jessica, uniq_terence
D:4:      layout_rooms, minmay_lizard_king, uniq_crazy_yiuf_cottage
D:5:      layout_loops_ring, gammafunk_ghost_split, kennysheep_flooded_box,
          uniq_pikel, uniq_menkaure, uniq_edmund
D:6:      layout_rooms, uniq_blork_the_orc, uniq_grinder
D:7:      layout_cave_pods, minmay_temple_entry_stoned_glass,
          grunt_ministairs_15, st_stairs_8, uniq_prince_ribbit1, uniq_maggie
D:8:      layout_rooms, okawaru_ov_weapons_minmay, uniq_gastronok, uniq_harold
D:9:      minmay_the_grid_triangle_9x9_rhombus_full
          [minmay_the_grid_triangle_9x9_odd_lines,
          minmay_the_grid_triangle_9x9_thin_v,
          minmay_the_grid_triangle_9x9_descending_squares,
          minmay_the_grid_triangle_9x9_tough_junction,
          minmay_the_grid_triangle_9x9_minimal,
          minmay_the_grid_triangle_9x9_swiss_cheese,
          minmay_the_grid_triangle_9x9_empty,
          minmay_the_grid_triangle_9x9_prize_special], layout_basic,
          special_room [special_room_orc], minmay_liquid_box,
          minmay_gold_behind_fungi, uniq_joseph
Temple:   mainiacjoe_temple_trianglar_array

Skill      XL: |  1  2  3  4  5  6  7  8  9 10 11 |
---------------+----------------------------------+-----
Armour         | 4 5 6 7 8 9 10 11 | 11.1
Fighting       | 4 5 6 7 9 |  9.5
Long Blades    | 3 4 5 7 9 11 13 | 13.8
Shields        | 4 5 6 8 |  8.2
Dodging        | 1 2 3 4 |  4.4
Stealth        | 1 |  1.2

Action                   |  1- 3 |  4- 6 |  7- 9 | 10-12 || total
-------------------------+-------+-------+-------+-------++-------
Melee: Long sword        |    49 |    72 |   247 |   195 ||   563
       Headbutt          |    11 |    11 |    45 |    35 ||   102
Invok: Heroism           |       |       |       |     1 ||     1
  Use: Scroll            |     4 |       |     5 |     2 ||    11
Armor: Scale mail        |    26 |    17 |       |       ||    43
       Chain mail        |       |    10 |   182 |    87 ||   279
Dodge: Dodged            |    27 |    41 |   114 |    90 ||   272
Block: Buckler           |     8 |    16 |    62 |    54 ||   140
